[Event "*** Titled Tuesday Blitz"]
[Site "Chess.com"]
[Date "2019.02.05"]
[Round "2"]
[White "GremioPrudente"]
[Black "GrandGlacier"]
[Result "1/2-1/2"]
[WhiteElo "2075"]
[BlackElo "2165"]
[TimeControl "180+2"]
[EndTime "13:23:47 PST"]
[Termination "Game drawn by repetition"]

1. Nf3 Nf6 2. c4 g6 3. b3 Bg7 4. Bb2 a5 5. g3 c6 6. Bg2 O-O 7. O-O d5 8. cxd5 cxd5 9. d3 Nc6 10. Nbd2 a4 11. Ne5 Qb6 12. Nxc6 bxc6 13. Qc2 Bg4 14. Nf3 Rfc8 15. bxa4 c5 16. Rab1 Qa5 17. Ne5 Be6 18. Rfc1 Qxa4 19. Qxa4 Rxa4 20. a3 Ne8 21. f4 Nd6 22.
Ra1 Nb5 23. e3 f6 24. Nf3 c4 25.
dxc4 Raxc4 26. Rxc4 dxc4 27. a4 c3 28. Bc1 Nd6 29. Nd4 Bc4 30. Bf1 e5 31. Bxc4+ Rxc4 32. Nb5 Nxb5 33. axb5 Rb4 34. Kf1 exf4 35. exf4 f5 36.
Ra8+ Kf7 37. Ra7+ Ke6 38. Rxg7 Rb1 39. Ke2 Rxc1 40. Rc7 Kd5 41. Rc8 Kd4 42. b6 Rb1 43. Rd8+ Ke4 44. Re8+ Kd5 45. Rd8+ Kc4 46. Rc8+ Kd4 47.
Rd8+ Kc5 48. Rc8+ Kxb6 49. Rxc3 Rb2+ 50. Kf3 Rxh2 51. Rc8 Kb7 52. Rc5 Kb6 53. Rc8 Rh1 54. Rc4 Rh2 55. Rc8 1/2-1/2

[Event "*** Titled Tuesday Blitz"]
[Site "Chess.com"]
[Date "2019.02.05"]
[Round "2"]
[White "BvsN"]
[Black "IamSchrodingersCat"]
[Result "1-0"]
[WhiteElo "2295"]
[BlackElo "2437"]
[TimeControl "180+2"]
[EndTime "13:23:49 PST"]
[Termination "BvsN won by resignation"]

1. d4 g6 2. e4 Bg7 3. Nc3 d6 4. Be3 Nd7 5. h4 h5 6. Qd2 e5 7. O-O-O Ngf6 8. f3 c6 9. Nh3 O-O 10. Ng5 b5 11. g4 hxg4 12. h5 Nxh5 13. fxg4 Ng3 14. Qh2 Re8 15. Qxg3 exd4 16. Rh7 dxe3 17. Qh4 Ne5 18. Be2 Qxg5 19. Rxg7+ Kxg7 20. Qxg5 b4 21. Nb1 Re6 22. Qxe3 c5 23. Nd2 Bb7 24. Nc4 Nxc4 25.
Bxc4 Rxe4 26. Qd3 Rd4 27. Qe2 Rxd1+ 28. Qxd1 Rd8 29. Bd5 Bc8 30. Qf3 f5 31. gxf5 Bxf5 32. Be4 Be6 33. Qg3 Bf7 34. Qg5 Re8 35. Bf3 a5 36. b3 a4 37. bxa4 Bxa2 38. a5 Bc4 39. Bc6 Re1+ 40. Kd2 Re2+ 41. Kd1 Re5 42. Qd8 d5 43.
Qc7+ Kf6 44. Qd6+ Re6 45. Qd8+ Ke5 46. Bb7 b3 47. Qc7+ Kd4 48. cxb3 Bxb3+ 49. Kd2 c4 50. a6 Rf6 51. a7 Rf2+ 52. Ke1 Rf8 53. a8=Q Rxa8 54. Bxa8 c3 55. Qb6+ Kc4 56. Bxd5+ 1-0

[Event "*** Titled Tuesday Blitz"]
[Site "Chess.com"]
[Date "2019.02.05"]
[Round "2"]
[White "DonPreuss"]
[Black "Agent-JL"]
[Result "1-0"]
[WhiteElo "2209"]
[BlackElo "2247"]
[TimeControl "180+2"]
[EndTime "13:23:54 PST"]
[Termination "DonPreuss won by resignation"]

1. d4 Nf6 2. Nc3 d5 3. e4 dxe4 4. f3 Bf5 5. fxe4 Nxe4 6. Qf3 Qxd4 7. Qxf5 Nxc3 8. Qc8+ Qd8 9. Qxd8+ Kxd8 10. bxc3 e5 11.
Bc4 f6 12. a4 Bc5 13. Ba3 Bxa3 14. Rxa3 Ke7 15. Nf3 Nd7 16. Ke2 Nc5 17. Nd2 c6 18. Raa1 Rhd8 19. Bd3 g6 20. Nb3 Ne6 21. g3 f5 22. Bc4 Nc7 23. Rad1 b5 24. axb5 cxb5 25. Rxd8 Rxd8 26. Na5 Kf6 27. Bb3 Nd5 28. Bxd5 Rxd5 29. Nb3 Rd6 30. Ra1 a6 31. Nc5 Kg5 32. Rxa6 Rd5 33. Nb3 h5 34. Ra1 h4 35. gxh4+ Kxh4 36. Rd1 Rxd1 37. Kxd1 Kh3 38. Nd2 e4 39. Nf1 Kg2 40. Ke2 f4 41. h4 Kh3 42. Nd2 e3 43.
Nf3 Kg4 44. c4 bxc4 45. Ne5+ Kf5 46. Nxc4 Kg4 47. Ne5+ Kf5 48. Nf3 Kg4 49. c4 Kf5 50. c5 Ke6 51. Kd3 Kd5 52. c6 Kxc6 53. Ke4 Kd6 54.
Kxf4 e2 55. Kg5 Kd5 56. Kxg6 Ke4 57. Ne1 1-0

[Event "*** Titled Tuesday Blitz"]
[Site "Chess.com"]
[Date "2019.02.05"]
[Round "2"]
[White "GadimbayliA"]
[Black "Didici"]
[Result "1-0"]
[WhiteElo "2795"]
[BlackElo "2557"]
[TimeControl "180+2"]
[EndTime "13:23:56 PST"]
[Termination "GadimbayliA won by checkmate"]

1. e4 e5 2. Nf3 Nc6 3. Bb5 a6 4. Ba4 Nf6 5. O-O b5 6. Bb3 Bb7 7. Re1 Bc5 8. c3 O-O 9. d4 Bb6 10. h3 Re8 11. Bg5 h6 12. Bh4 exd4 13. e5 g5 14.
exf6 gxh4 15. Rxe8+ Qxe8 16. Nxd4 Qe4 17. Nd2 Qg6 18.
N4f3 Ne5 19. Bc2 Qg3 20. Kh1 Bxf2 21. Qe2 Re8 22. Ne4 Nxf3 23. Nxg3 Rxe2 24. Nxe2 Ne1 25. Bf5 Bxg2+ 26. Kh2 Bc6 27. Bg4 Kh7 28. Rd1 Kg6 29. Bxd7 Bf3 30. Bg4 Bc6 31. Nf4+ Kxf6 32.
Nd5+ Ke5 33. Nb4 Bg3+ 34. Kg1 Bb7 35. Rxe1+ Bxe1 36. Nd3+ Ke4 37. Nxe1 Ke3 38. Kf1 Kd2 39.
Bf5 Bd5 40. a3 Bc4+ 41. Kf2 Kc1 42. b4 Kb2 43. Ke3 Kxc3 44. Nf3 Kb3 45. Kd4 Kxa3 46. Kc5 Be6 47. Nxh4 Bxf5 48. Nxf5 h5 49. h4 Ka4 50.
Ng7 a5 51. bxa5 Kxa5 52. Nxh5 b4 53. Nf4 b3 54. Nd3 f5 55. h5 f4 56. h6 f3 57.
h7 f2 58. h8=Q f1=Q 59. Qa8# 1-0

[Event "*** Titled Tuesday Blitz"]
[Site "Chess.com"]
[Date "2019.02.05"]
[Round "2"]
[White "Alopekos"]
[Black "kacprekt"]
[Result "0-1"]
[WhiteElo "2485"]
[BlackElo "2308"]
[TimeControl "180+2"]
[EndTime "13:23:58 PST"]
[Termination "kacprekt won by resignation"]

1. e4 c6 2. d4 d5 3. Nd2 dxe4 4. Nxe4 Bf5 5. Ng3 Bg6 6. h4 h6 7. Nf3 Nd7 8. h5 Bh7 9. Bd3 Bxd3 10. Qxd3 e6 11. Bd2 Ngf6 12. O-O-O Be7 13. Kb1 Qb6 14.
c4 Rd8 15. Bc3 O-O 16. Rhe1 Rfe8 17. Qc2 Bf8 18. Ne5 Nxe5 19. dxe5 Rxd1+ 20. Rxd1 Ng4 21. Qe2 Nxf2 22. Bd4 Bc5 23. Qxf2 Rd8 24. Ne2 Qb4 25. Rf1 Bxd4 26. Nxd4 Qxc4 27. Nb3 Qd3+ 28. Ka1 Qd1+ 29. Nc1 Qxh5 30. g4 Qg6 31. Qxa7 Rd7 32. Qb8+ Kh7 33. Qe8 Rd2 34. Qxf7 Qc2 35. Qxb7 Rd1 36. Rxd1 Qxd1 37. Kb1 Qxg4 38. Qxc6 Qf5+ 39. Qc2 h5 40. Ne2 h4 41. Ng1 g5 42. a4 g4 43. Qxf5+ exf5 44. a5 h3 45. Ne2 f4 46. a6 h2 47. a7 h1=Q+ 48.
Kc2 Qa8 49. Nxf4 Qxa7 50. Kd3 Qd7+ 51. Ke4 Qc6+ 52. Kf5 g3 53. e6 g2 54. e7 0-1

[Event "*** Titled Tuesday Blitz"]
[Site "Chess.com"]
[Date "2019.02.05"]
[Round "2"]
[White "MasterKroket"]
[Black "Torrentec"]
[Result "1-0"]
[WhiteElo "2389"]
[BlackElo "2404"]
[TimeControl "180+2"]
[EndTime "13:24:03 PST"]
[Termination "MasterKroket won by resignation"]

1. d4 d5 2. c4 c6 3. Nc3 Nf6 4. Nf3 a6 5. c5 Bf5 6. Nh4 Be6 7. g3 b6 8. cxb6 Qxb6 9. Bg2 Nbd7 10. O-O g6 11. b3 c5 12. Na4 Qa7 13. dxc5 Rc8 14. b4 Bg7 15. Bb2 O-O 16. Rc1 a5 17. a3 axb4 18. axb4 Rb8 19. Bc3 Rfc8 20. Ra1 Qb7 21.
Nb2 Ne4 22. Bxg7 Kxg7 23. Qd4+ f6 24. Nd3 Bf7 25. Rfc1 e5 26. Qe3 Qb5 27. f3 Ng5 28.
f4 Ne4 29. Bxe4 dxe4 30. Qxe4 f5 31. Qe3 e4 32. Qd4+ Kg8 33. Ra5 Qc6 34. Ne5 Nxe5 35. fxe5 Rd8 36. Qc3 Rb7 37. Ng2 Rdb8 38. Rb1 g5 39.
Ne3 Qe6 40. c6 Rb6 41. Rc5 f4 42. Nd5 Rb5 43. c7 Qxd5 44. cxb8=Q+ Rxb8 45. Rxd5 Bxd5 46. Qc7 Rf8 47. Rd1 Be6 48. Qe7 Bh3 49. Rd7 1-0

[Event "*** Titled Tuesday Blitz"]
[Site "Chess.com"]
[Date "2019.02.05"]
[Round "2"]
[White "Feegus"]
[Black "ajkom197"]
[Result "1-0"]
[WhiteElo "2382"]
[BlackElo "2429"]
[TimeControl "180+2"]
[EndTime "13:24:07 PST"]
[Termination "Feegus won by checkmate"]

1. d4 d5 2. Bf4 c5 3. e3 Nc6 4. c3 Nf6 5. Nd2 cxd4 6. exd4 Bg4 7. Qb3 Qc8 8. Bd3 e6 9. Ngf3 Be7 10. O-O O-O 11. Ne5 Nxe5 12. Bxe5 Bh5 13. Rfe1 Nd7 14. Bf4 a6 15. a4 Qc6 16. Re3 Bd6 17. Bg3 Bg6 18.
Rae1 Bxd3 19. Rxd3 Bxg3 20. Rxg3 b5 21. axb5 axb5 22.
Qd1 b4 23. Qg4 g6 24. Rh3 Rfc8 25. Qh4 Nf8 26. cxb4 Qb6 27. Nf3 Qxb4 28. g4 Qxb2 29. Ng5 Ra1 30. Nxh7 Rxe1+ 31. Kg2 Nxh7 32. Qxh7+ Kf8 33.
Qh8+ Ke7 34. Qxc8 Qxd4 35. Qc7+ Kf6 36. Rf3+ Kg5 37. Qxf7 Qe4 38. Qf6+ Kh6 39. g5+ Kh7 40. Qf7+ Kh8 41. Qf8+ Kh7 42. Qh6+ Kg8 43. Qf8+ Kh7 44. Kh3 Qxf3+ 45. Qxf3 Rg1 46. Qf7+ Kh8 47. Qxg6 d4 48. Qf6+ Kh7 49. Qh6+ Kg8 50. Qxe6+ Kg7 51. Qf6+ Kg8 52.
Qxd4 Rxg5 53. Qd8+ Kh7 54. Qxg5 Kh8 55. f4 Kh7 56. f5 Kh8 57. f6 Kh7 58. Qg7# 1-0

[Event "*** Titled Tuesday Blitz"]
[Site "Chess.com"]
[Date "2019.02.05"]
[Round "2"]
[White "NCchamp"]
[Black "KlyashtornyVladislav"]
[Result "1/2-1/2"]
[WhiteElo "2171"]
[BlackElo "2193"]
[TimeControl "180+2"]
[EndTime "13:24:07 PST"]
[Termination "Game drawn by repetition"]

1. c4 Nf6 2. Nc3 g6 3. g3 Bg7 4. Bg2 O-O 5. Nf3 d6 6. O-O c5 7. d4 cxd4 8. Nxd4 Qc7 9. b3 Nc6 10.
Bb2 Bd7 11. e4 Rfc8 12. Qd2 a6 13. Nxc6 bxc6 14. Na4 Rab8 15. Rad1 Bg4 16. f3 Be6 17. h3 Nd7 18. Bxg7 Kxg7 19. f4 Nb6 20. Nc3 f6 21. Ne2 Bf7 22. Nd4 c5 23. Ne2 Nd7 24. Nc3 Rd8 25.
Nd5 Bxd5 26. exd5 f5 27. Rfe1 Nf6 28. Re6 Rf8 29. Rde1 Rf7 30. Bf3 h5 31. Qe2 Kf8 32. g4 hxg4 33. hxg4 fxg4 34. Bxg4 a5 35. Qh2 Kg7 36. Qe2 Re8 37. Bf3 a4 38. Kf2 axb3 39. axb3 Qb7 40. Qe3 Qa7 41. f5 Rh8 42. fxg6 Kxg6 43.
Rg1+ Kh7 44. Qg5 Qa2+ 45. Re2 Ne4+ 46. Kf1 Nxg5 47. Rxa2 Nxf3 48. Rh1+ Nh2+ 49. Ke1 Kg8 50. Raxh2 Rxh2 51. Rxh2 Rf3 52. Rg2+ Kf7 53. Rf2 Rxf2 54. Kxf2 e6 55. Ke3 exd5 56. cxd5 Kf6 57. Kf4 Kg6 58. Kg4 Kf6 59. Kf4 Kg6 60. Kg4 Kf6 61. Kf4 1/2-1/2

[Event "*** Titled Tuesday Blitz"]
[Site "Chess.com"]
[Date "2019.02.05"]
[Round "2"]
[White "Lagravesamuell"]
[Black "MFguimaraes"]
[Result "1-0"]
[WhiteElo "2460"]
[BlackElo "2286"]
[TimeControl "180+2"]
[EndTime "13:24:13 PST"]
[Termination "Lagravesamuell won by resignation"]

1. d4 d5 2. c4 c6 3. cxd5 cxd5 4. Bf4 Nc6 5. e3 a6 6. Nc3 Nf6 7. Be2 Bf5 8. Nf3 h6 9. Qb3 Na5 10. Qa4+ Bd7 11. Qc2 e6 12. h3 Rc8 13. O-O b5 14. a3 Nc4 15. Rfc1 Bd6 16. Bxd6 Nxd6 17. Ne5 O-O 18. b3 Nfe4 19. Qb2 f6 20. Nxd7 Qxd7 21. Nxe4 Nxe4 22. a4 Rxc1+ 23. Qxc1 Rc8 24. Qf1 Nc3 25. axb5 Nxe2+ 26. Qxe2 Qxb5 27. Qxb5 axb5 28. Ra5 Rb8 29. Ra7 Kf8 30. Kf1 e5 31. dxe5 fxe5 32. Ke2 Rc8 33.
Rb7 Rc2+ 34. Kf3 e4+ 35. Kg3 d4 36. Rxb5 d3 37. Rb4 Rc1 38. Rd4 Rb1 39. b4 Rb2 40. Rxe4 Kf7 41. Rd4 d2 42. b5 Kf6 43. b6 g5 44. b7 Rxb7 45. Rxd2 h5 46. Rd6+ Kf5 47.
Rd5+ Kg6 48. h4 g4 49. Rg5+ Kh6 50. Ra5 Rb6 51. Rc5 Rf6 52. e4 Ra6 53. Rg5 Ra3+ 54. f3 gxf3 55. gxf3 Ra7 56. e5 Re7 57. f4 Ra7 58. e6 Ra3+ 59. Kf2 Ra4 60. Kf3 Ra3+ 61. Ke4 Ra1 62. Re5 Ra8 63. Kf5 Re8 64. e7 Kg7 65.
Ke6 Ra8 66. Rg5+ Kh6 67. Kf7 Ra7 68. f5 Rd7 69. f6 Ra7 70. Rg8 Kh7 71. Rb8 Rc7 72.
Kf8 Kg6 73. f7 Kf6 74. Rb6+ Kf5 75. e8=Q 1-0

[Event "*** Titled Tuesday Blitz"]
[Site "Chess.com"]
[Date "2019.02.05"]
[Round "2"]
[White "BasilSmash"]
[Black "wenx95"]
[Result "1-0"]
[WhiteElo "2352"]
[BlackElo "2493"]
[TimeControl "180+2"]
[EndTime "13:24:24 PST"]
[Termination "BasilSmash won by resignation"]

1. e4 d5 2. exd5 Qxd5 3. Nf3 Bg4 4. Be2 Nc6 5. d4 O-O-O 6. c4 Qf5 7. Be3 Nf6 8. Nbd2 e6 9. O-O Bd6 10. b4 Bxf3 11.
Bxf3 Nxd4 12. Bxd4 Qf4 13. Bxb7+ Kxb7 14. Qf3+ Kb8 15.
Qxf4 Bxf4 16. Nf3 Rd7 17. g3 Bh6 18. Ne5 Rxd4 19. Nc6+ Kb7 20. Nxd4 g6 21. Rfd1 Bg7 22. f3 h5 23. Nb3 h4 24. Rac1 hxg3 25. hxg3 Nh5 26.
Kg2 Nf6 27. b5 g5 28. Nc5+ Kc8 29. Rh1 Rd8 30. Rcd1 Rg8 31. g4 Bf8 32. Ne4 Nd7 33. Rh7 Ne5 34. c5 f5 35. Nf6 Rg7 36. Rh8 Rf7 37.
Nh7 Ng6 38. Rg8 Rxh7 39. Rxg6 Bxc5 40. Rxe6 fxg4 41. fxg4 Bd6 42. Rg6 Rh2+ 43. Kf3 Bf4 44. a4 Ra2 45. Rd4 Ra3+ 46. Ke4 Re3+ 47. Kf5 Re5+ 48.
Kf6 Rc5 49. Kf7 Kb7 50. Rd8 Rc4 51. Rgg8 Kb6 52. Rb8+ Ka5 53. Rg6 Kxa4 54. Ra6+ Kb4 55.
Rxa7 Bd6 56. b6 cxb6 57. Rxb6+ Kc5 58. Raa6 Rf4+ 59. Kg6 Be7 60. Re6 Bd8 61. Rad6 Kb5 62. Rxd8 Rxg4 63. Re5+ Kc6 64. Rxg5 Re4 65. Rf8 Re7 66.
Rf6+ 1-0

[Event "*** Titled Tuesday Blitz"]
[Site "Chess.com"]
[Date "2019.02.05"]
[Round "2"]
[White "Zufi1811"]
[Black "kintoho"]
[Result "1-0"]
[WhiteElo "2357"]
[BlackElo "2485"]
[TimeControl "180+2"]
[EndTime "13:24:28 PST"]
[Termination "Zufi1811 won by resignation"]

1. e4 c5 2. Nf3 Nf6 3. e5 Nd5 4. Nc3 e6 5. Nxd5 exd5 6. d4 Nc6 7. c3 d6 8. Bb5 cxd4 9. Nxd4 Bd7 10. exd6 Bxd6 11. O-O O-O 12. Be3 Qf6 13. Bd3 Ne5 14.
h3 a6 15. Bc2 Rad8 16. Qh5 g6 17. Qh6 Qg7 18. Rad1 Nc4 19. Qxg7+ Kxg7 20. Bc1 Nb6 21. Rfe1 Rfe8 22. Rxe8 Rxe8 23. Bb3 Bc5 24. Be3 Rc8 25.
Nc2 Be6 26. Bd4+ Kf8 27. Ne3 Bxd4 28. Rxd4 Rc5 29. f4 f6 30. Kf2 Ke7 31. Rb4 Rc6 32.
a4 Kd6 33. a5 Nc4 34. Bxc4 dxc4 35. Rxb7 Rc5 36. Rb6+ Rc6 37. Rb7 Rc5 38. Rxh7 Rxa5 39.
Rb7 Ra2 40. Nc2 Bd5 41. Rb6+ Kc5 42. Rb8 Be4 43. Nd4 a5 44. g4 f5 45. Kg3 a4 46. Kh4 a3 47. bxa3 Rxa3 48. Kg5 Rxc3 49. Ne6+ Kd6 50. Kf6 Rxh3 51. Rd8+ Kc6 52. Rc8+ Kb5 53. Ng5 fxg4 54. Nxe4 g3 55. Nd6+ Kb6 56. Nxc4+ Kb7 57. Nd6+ Kb6 58. Rc1 Rh4 59. Kg5 Rh2 60. Rg1 Kc6 61. Ne4 g2 62. Nf2 Kd5 63. Ng4 Rh8 64. Rxg2 Ke4 65. Re2+ Kd3 66. Re6 Kd4 67.
Rxg6 Kd5 68. f5 Ke4 69. Re6+ Kf3 70. Ne5+ Ke4 71. Ng6+ Kd5 1-0

[Event "*** Titled Tuesday Blitz"]
[Site "Chess.com"]
[Date "2019.02.05"]
[Round "2"]
[White "DrMelekess"]
[Black "OparinGrigoriy"]
[Result "1-0"]
[WhiteElo "2616"]
[BlackElo "2914"]
[TimeControl "180+2"]
[EndTime "13:24:29 PST"]
[Termination "DrMelekess won by resignation"]

1. d4 Nf6 2. Nf3 e6 3. c4 b6 4. g3 Bb7 5. Bg2 Be7 6. O-O O-O 7. Re1 Na6 8. Ne5 Bxg2 9. Kxg2 d6 10. Nc6 Qe8 11. Nxe7+ Qxe7 12. Nc3 c5 13. e4 cxd4 14. Qxd4 Rac8 15. Bg5 Rfd8 16. Rad1 Nb4 17. Rd2 Nc6 18. Bxf6 gxf6 19. Qe3 Ne5 20. b3 Rd7 21. Ne2 Rc5 22.
Nf4 b5 23. cxb5 Rxb5 24. h3 Ng6 25. Red1 a5 26. Ne2 Rg5 27. Kh2 Kg7 28. Nd4 Rc5 29. Ne2 Re5 30. Qf3 f5 31. exf5 Rxf5 32. Qc3+ Kg8 33. Nd4 Rc5 34. Qe3 Qf6 35. Nf3 Rc3 36.
Rd3 Rxd3 37. Qxd3 d5 38. Kg2 Rc7 39. Qd4 Kg7 40. Rd2 h5 41. h4 Qxd4 42. Rxd4 Rc5 43. Kf1 e5 44. Rd2 Kf6 45. Ke2 Ke6 46. Ne1 f6 47. Rc2 Rxc2+ 48. Nxc2 d4 49. Na3 Ne7 50. Nc4 Nc6 51. f3 f5 52. a3 e4 53. Kf2 Kd5 54.
Nb6+ Kc5 55. Nd7+ Kd6 56. Nf6 Ke5 57. Nxh5 a4 58. bxa4 d3 59. Nf4 Kd4 60. h5 e3+ 61.
Ke1 Kc3 62. Kd1 Nd4 63. Nd5+ Kb3 64. Nxe3 Nxf3 65. h6 Ng5 66. a5 Kc3 67. a6 Kd4 68. Nxf5+ 1-0

[Event "*** Titled Tuesday Blitz"]
[Site "Chess.com"]
[Date "2019.02.05"]
[Round "2"]
[White "GameOverBro"]
[Black "Manukyan_Artak"]
[Result "1-0"]
[WhiteElo "2506"]
[BlackElo "2356"]
[TimeControl "180+2"]
[EndTime "13:24:31 PST"]
[Termination "GameOverBro won by resignation"]

1. e4 c6 2. Nc3 d5 3. Nf3 Bg4 4. h3 Bxf3 5. Qxf3 Nf6 6. d3 e6 7.
a3 Nbd7 8. g4 h6 9. h4 Qb6 10.
g5 hxg5 11. hxg5 Rxh1 12. Qxh1 Ng8 13. g6 fxg6 14. Qh7 Ne7 15. Bh3 c5 16. Bd2 O-O-O 17. O-O-O Nf6 18. Qh4 Kb8 19. Qg3+ Ka8 20. Qe5 d4 21.
Na4 Qc6 22. Nxc5 Rc8 23. Bb4 b6 24. Bxe6 bxc5 25. Bxc8 cxb4 26. Be6 bxa3 27. bxa3 Nc8 28. Bc4 Bxa3+ 29. Kd2 Nb6 30. Qxd4 Nxc4+ 31. dxc4 Bb4+ 32.
Ke2 Qxe4+ 33. Qxe4+ Nxe4 34. Rd8+ Kb7 35. Rd7+ Kb6 36.
Rxg7 g5 37. f3 Nd6 38. Rxg5 Nxc4 39. f4 a5 40. Kd3 Nd6 41. c3 Bc5 42. Kc2 a4 43. f5 Nc4 44. f6 Ne3+ 45. Kb2 Nd1+ 46. Kc2 Ne3+ 47. Kb1 Bd6 48. f7 Kc7 49. Rg8 Nd1 50.
Kc2 Ne3+ 51. Kd3 Nd5 52. f8=Q Bxf8 53. Rxf8 Kb6 54. Rb8+ Ka5 55. Ra8+ Kb6 56. Rxa4 Nc7 57. Rh4 Kc6 58. c4 Kd6 59. Rh6+ Ke5 60. Rh5+ Kd6 61.
Kc3 Ne6 62. Kb4 Nf4 63. Rh6+ Ke5 64. Kb5 Ne6 65. Rxe6+ Kxe6 66. Kc6 Ke7 67. Kc7 Ke6 68. c5 1-0

[Event "*** Titled Tuesday Blitz"]
[Site "Chess.com"]
[Date "2019.02.05"]
[Round "2"]
[White "TristanCalistri"]
[Black "Lord_Neezy"]
[Result "0-1"]
[WhiteElo "2214"]
[BlackElo "2162"]
[TimeControl "180+2"]
[EndTime "13:24:31 PST"]
[Termination "Lord_Neezy won on time"]

1. e4 e6 2. d4 d5 3. Nd2 h6 4.
c3 c5 5. exd5 exd5 6. Ngf3 Nf6 7. Bb5+ Bd7 8. Bxd7+ Nbxd7 9. O-O Be7 10. dxc5 Nxc5 11.
Re1 O-O 12. Nf1 Nce4 13. Be3 Bd6 14. Ng3 Qd7 15. Bd4 Qb5 16. Qb3 Qxb3 17. axb3 a6 18.
Nf5 Bc5 19. b4 Bxd4 20. N3xd4 Rfe8 21. f3 Nd2 22. Kf2 Nc4 23. Ra2 Ne5 24. Rd1 Rad8 25. b3 Kh7 26. Rc2 g6 27. Ne3 Nc6 28. Nxc6 bxc6 29.
Ra2 Ra8 30. Rda1 Rad8 31. Rd1 Ra8 32. Ra5 Red8 33. Nc2 Nd7 34. Nd4 Rdc8 35. Rda1 Nb8 36. Rc5 Ra7 37. b5 Rb7 38. bxa6 Ra7 39. Nb5 Rxa6 40.
Re1 Rb6 41. Nd6 Rc7 42. b4 Nd7 43. Re7 Nxc5 44. Rxc7 Na4 45. Rxf7+ Kg8 46. Rf6 Nxc3 47. Rxg6+ Kh7 48. Rf6 Rxb4 49. Nf5 Rc4 50. Rxh6+ Kg8 51. h4 Nd1+ 52. Kg3 d4 53. Rd6 c5 54. h5 Ra4 55.
Rd8+ Kf7 56. Rd7+ Ke6 57. h6 Kxd7 58. h7 Ra8 0-1

[Event "*** Titled Tuesday Blitz"]
[Site "Chess.com"]
[Date "2019.02.05"]
[Round "2"]
[White "ZeroRealtorFade"]
[Black "Quiet_Desperation"]
[Result "0-1"]
[WhiteElo "2248"]
[BlackElo "2405"]
[TimeControl "180+2"]
[EndTime "13:24:32 PST"]
[Termination "Quiet_Desperation won by resignation"]

1. d4 Nf6 2. Bf4 e6 3. e3 b6 4. c3 Bb7 5. Nd2 Be7 6. Ngf3 O-O 7. Bd3 d5 8. O-O c5 9. Ne5 Nc6 10. Qc2 Rc8 11. Nxc6 Bxc6 12. Be5 g6 13. Nf3 Ne4 14.
Ba6 Ra8 15. Bd3 f5 16. Nd2 Bd6 17. Bxd6 Qxd6 18. f3 Ng5 19. f4 Ne4 20. Nxe4 fxe4 21. Be2 Rac8 22. Ba6 Rc7 23. Be2 cxd4 24. exd4 Rxf4 25.
Rxf4 Qxf4 26. Rf1 Qe3+ 27. Kh1 Rf7 28. Rxf7 Kxf7 29. Qd1 Qf2 30. h3 Kg7 31. Qf1 Qxf1+ 32. Bxf1 Kf6 33. Kg1 e5 34. Kf2 exd4 35. cxd4 Kf5 36.
Ke3 h5 37. g3 g5 38. Be2 h4 39. Bg4+ Kf6 40. gxh4 gxh4 41. Kf4 Bb5 42. Bc8 Bc4 43. b3 Bf1 44. b4 a5 45. bxa5 bxa5 46. a3 Bb5 47.
Bg4 Bc4 48. Bc8 Ke7 49. Bf5 Kd6 50. Bg6 Kc6 51. Be8+ Kb6 52. Bd7 Bb5 53. Be6 Bc6 54. Bg4 Kb5 55. Kg5 Kc4 56. Kxh4 Kxd4 57. Kg3 Ke3 58.
h4 Be8 59. h5 d4 60. h6 Bg6 61. Be6 d3 62. Bb3 Kd2 63. Kf4 e3 64. Kg5 Bh7 65. Kf6 e2 66. Kg7 Be4 67. Bd5 e1=Q 0-1

[Event "*** Titled Tuesday Blitz"]
[Site "Chess.com"]
[Date "2019.02.05"]
[Round "2"]
[White "valeriocarnicelli"]
[Black "GCamachoMartinez"]
[Result "1-0"]
[WhiteElo "2441"]
[BlackElo "2369"]
[TimeControl "180+2"]
[EndTime "13:24:33 PST"]
[Termination "valeriocarnicelli won by resignation"]

1. e4 e5 2. Nf3 Nf6 3. d4 Nxe4 4. dxe5 d5 5. Nbd2 Nxd2 6. Bxd2 Be7 7. Bd3 c5 8. c4 Nc6 9. O-O Bg4 10. Bf4 dxc4 11. Be4 Qxd1 12. Rfxd1 Rd8 13. Bxc6+ bxc6 14. Rxd8+ Kxd8 15. Nd2 Be6 16. Rc1 Kc7 17. Nxc4 Bxc4 18. Rxc4 Rd8 19. g3 Kd7 20. Ra4 Ke6 21. Rxa7 Rd1+ 22. Kg2 g5 23. Be3 g4 24. a4 Rd5 25. Bf4 c4 26.
Rc7 Bc5 27. Rxc6+ Kd7 28. Rh6 Rd1 29. Rxh7 Ke6 30. Rh6+ Kd5 31. a5 Rb1 32. Rh5 Ke6 33. Rh6+ Kd5 34. h3 Rxb2 35. hxg4 Rxf2+ 36. Kh3 c3 37. Rf6 c2 38. Bc1 Rxf6 39. exf6 Ke4 40.
a6 Kf3 41. g5 Be3 42. Bxe3 Kxe3 43. a7 c1=Q 44. a8=Q Qf1+ 45. Qg2 Qf5+ 46. Kh4 Qh7+ 47.
Kg4 Qg6 48. Qf3+ Kd2 49. Qf5 Qg8 50. Qd5+ Ke3 51. Qe5+ Kf2 52. Qf5+ Kg2 53. Qe4+ Kh2 54. Qe2+ Kg1 55. Qd1+ Kf2 56. Qd2+ Kg1 57. Qc1+ Kg2 58.
Qb2+ Kg1 59. Qa1+ Kg2 60. Qa2+ Kf1 61. Kf3 1-0

[Event "*** Titled Tuesday Blitz"]
[Site "Chess.com"]
[Date "2019.02.05"]
[Round "2"]
[White "Godzillator"]
[Black "Vugar_Manafov"]
[Result "1/2-1/2"]
[WhiteElo "2399"]
[BlackElo "2386"]
[TimeControl "180+2"]
[EndTime "13:24:36 PST"]
[Termination "Game drawn by agreement"]

1. d4 Nf6 2. c4 e6 3. Nc3 Bb4 4. Qc2 O-O 5. a3 Bxc3+ 6. Qxc3 d6 7. Bg5 Nbd7 8. e3 b6 9. Bd3 Bb7 10. f3 h6 11. Bh4 e5 12. Ne2 Qe7 13. O-O Rfe8 14.
Rfe1 e4 15. fxe4 Bxe4 16. Nf4 Bxd3 17. Nxd3 Qe4 18. Bg3 Qg4 19. Nf2 Qg6 20. Bf4 Ne4 21.
Qc2 Ndf6 22. Nxe4 Nxe4 23. Rf1 Re7 24. Rae1 Rae8 25. Qd1 a5 26. b4 axb4 27. axb4 Ra8 28. Qc2 c6 29. d5 c5 30. bxc5 bxc5 31. Ra1 Rea7 32. Rxa7 Rxa7 33. Rb1 f5 34. h3 Qf6 35. Kh2 Ra3 36. Rb3 Ra1 37. Rb8+ Kh7 38. Qb2 Qxb2 39. Rxb2 g5 40. Bg3 Ra3 41. Rb7+ Kg8 42. Rd7 f4 43.
exf4 Nxg3 44. fxg5 hxg5 45. Rxd6 Nf1+ 46. Kg1 Ne3 47. Rc6 Ra5 48. d6 Ra7 49. Rc7 Ra1+ 50. Kf2 Nd1+ 51. Kg3 Ra3+ 52. Kg4 Rd3 53. d7 Kf8 54.
Rxc5 Rxd7 55. Kxg5 Ne3 56. g4 Rf7 57. Rc8+ Kg7 58. c5 Nc4 59. c6 Nd6 60. Rd8 Ne4+ 61. Kh4 Kf6 62. Rd7 Rf8 63. g5+ Nxg5 64. c7 Ne6 65.
Rd8 Rxd8 66. cxd8=Q+ Nxd8 1/2-1/2

[Event "*** Titled Tuesday Blitz"]
[Site "Chess.com"]
[Date "2019.02.05"]
[Round "2"]
[White "ShadyH9"]
[Black "HindsightIs2700"]
[Result "0-1"]
[WhiteElo "2303"]
[BlackElo "2261"]
[TimeControl "180+2"]
[EndTime "13:24:45 PST"]
[Termination "HindsightIs2700 won by resignation"]

1. d4 Nf6 2. c4 e6 3. Nf3 b6 4.
g3 Ba6 5. b3 Bb4+ 6. Bd2 Be7 7.
Nc3 d5 8. cxd5 exd5 9. Bg2 O-O 10. O-O Re8 11. Rc1 Nbd7 12. Ne5 Bb7 13. Bf4 Nf8 14. Nb5 c5 15. dxc5 bxc5 16. Nc4 Ne6 17. Be5 Ng4 18. Bc3 Ba6 19. Nca3 Qb6 20. e4 Nxh2 21. Kxh2 d4 22. Bd2 Bxb5 23. Nxb5 Qxb5 24. e5 Rad8 25. Qg4 Qd3 26.
Rcd1 Qg6 27. Qe2 d3 28. Qe4 Qxe4 29. Bxe4 Rd4 30. f3 Rc8 31. Be3 Rdd8 32. Rxd3 Rxd3 33. Bxd3 Rd8 34. Bc4 Nd4 35. Bxd4 Rxd4 36. Rf2 Kf8 37. f4 Ke8 38. Kg2 g6 39. Re2 Bd8 40. e6 f5 41.
a4 Ke7 42. Re5 Rd2+ 43. Kf3 Bb6 44. Re1 Bc7 45. Rh1 h5 46. Rc1 Rd4 47. Re1 Bd6 48. Re2 Rd1 49. Re3 Rg1 50. Rd3 Rf1+ 51. Kg2 Rb1 52. Kf2 Rb2+ 53. Kf3 a5 54. Rd1 Rc2 55. Rd3 Rc1 56. Rd2 Rc3+ 57. Kg2 Re3 58. Kf2 Rc3 59.
Re2 g5 60. fxg5 Bxg3+ 61. Kg2 Bf4 62. Rd2 Bxd2 0-1

[Event "*** Titled Tuesday Blitz"]
[Site "Chess.com"]
[Date "2019.02.05"]
[Round "2"]
[White "Peng_Li-Min"]
[Black "Antipov_Mikhail_Al"]
[Result "1/2-1/2"]
[WhiteElo "2679"]
[BlackElo "2730"]
[TimeControl "180+2"]
[EndTime "13:24:48 PST"]
[Termination "Game drawn by repetition"]

1. e4 c5 2. Nc3 Nc6 3. Bb5 Nd4 4. Nf3 Nxb5 5. Nxb5 a6 6. Nc3 b5 7. d4 b4 8. Na4 cxd4 9. Qxd4 Rb8 10. Bf4 d6 11. b3 f6 12. Be3 e5 13. Qd3 Bd7 14. Nb2 Bb5 15. Qd2 Ne7 16. O-O-O Nc6 17. Kb1 Be7 18. Nh4 g6 19. Qd5 Qd7 20. f4 Nd8 21. f5 g5 22. Nf3 Qc6 23. Nd2 Qxd5 24. exd5 Nf7 25. Nbc4 Bd8 26. h4 g4 27. h5 Rg8 28.
g3 a5 29. Ne4 Kd7 30. Rhe1 Bxc4 31. bxc4 Be7 32. c5 dxc5 33. d6 Bd8 34. Nxc5+ Kc6 35. Ne4 Rb5 36. c4 bxc3+ 37. Kc2 Rd5 38. d7 Rxd7 39.
Rxd7 Kxd7 40. Rb1 Kc6 41. Rb8 Rf8 42. Bc5 Rh8 43. Kxc3 Bc7 44. Rxh8 Nxh8 45. Bf8 Bd8 46. Bg7 Nf7 47. Bxf6 Bxf6 48. Nxf6 Nd6 49. Nxh7 Nxf5 50.
Nf6 Kd6 51. Nxg4 Nxg3 52. h6 Ne4+ 53. Kd3 Ng5 54. Nf6 Ke6 55. h7 Nf7 56. Ng4 Kd5 57. Ke3 a4 58. Nh6 Nh8 59. Ng4 Nf7 60. Kd3 a3 61. Ke3 Nh8 62. Kd3 Nf7 63. Ke3 Nh8 64. Kd3 Nf7 1/2-1/2